TOP OF THE 1ST |
Waba Ducks batting - Pitching for Wisconsin Timber Rattlers : RHP António Benítez
|
Pitching: RHP António Benítez
|
|
Batting: RHB Jeremy Flemming
|
0-0: Fly out, F9 (Line Drive, 9)
|
Batting: RHB Pedro Molina
|
0-0: Ball 1-0: Fly out, F7 (Flyball, 7S)
|
Batting: LHB José Román
|
0-0: Ball 1-0: SINGLE (Groundball, 34D)
|
Batting: RHB Chris Osborn
|
0-0: Called Strike 0-1: Ball 1-1: Called Strike 1-2: Strikes out swinging
|
Top of the 1st over - 0 run(s), 1 hit(s), 0 error(s), 1 left on base; Waba 0 - Wisconsin 0 |
BOTTOM OF THE 1ST |
Wisconsin Timber Rattlers batting - Pitching for Waba Ducks : RHP Tyrone Williams
|
Pitching: RHP Tyrone Williams
|
|
Batting: RHB Greg King
|
0-0: Swinging Strike 0-1: Called Strike 0-2: Ball 1-2: Ball 2-2: Ball 3-2: Foul Ball, location: 2F 3-2: Base on Balls
|
Batting: SHB Ricardo Arévalo
|
0-0: Fly out, F7 (Flyball, 78S)
|
Batting: RHB Dick Slagboom
|
0-0: Ball 1-0: Ball 2-0: Foul Ball, location: 2F 2-1: Foul Ball, location: 2F 2-2: Ground out 5-3 (Groundball, 5) Greg King to second
|
Batting: RHB Vicente Vélez
|
0-0: Foul Ball, location: 2F 0-1: Ball 1-1: Fly out, F6 (Popup, 6)
|
Bottom of the 1st over - 0 run(s), 0 hit(s), 0 error(s), 1 left on base; Waba 0 - Wisconsin 0 |
TOP OF THE 2ND |
Waba Ducks batting - Pitching for Wisconsin Timber Rattlers : RHP António Benítez
|
Batting: LHB Howard Evans
|
0-0: Foul Ball, location: 2F 0-1: Called Strike 0-2: Ball 1-2: Ground out 4-3 (Groundball, 4)
|
Batting: RHB Paul Spencer
|
0-0: Swinging Strike 0-1: Ball 1-1: Foul Ball, location: 2F 1-2: Ball 2-2: Foul Ball, location: 2F 2-2: Foul Ball, location: 2F 2-2: Foul Ball, location: 2F 2-2: Ball 3-2: DOUBLE (Line Drive, 78D)
|
Batting: RHB Tokuhei Kobayashi
|
0-0: Called Strike 0-1: Called Strike 0-2: Strikes out swinging
|
Batting: RHB Shaun Puckett
|
0-0: Called Strike 0-1: Ball 1-1: Ball 2-1: Called Strike 2-2: Ball 3-2: Foul Ball, location: 2F 3-2: Base on Balls
|
Batting: RHB Ángelo García
|
0-0: Ball 1-0: Called Strike 1-1: Ball 2-1: Foul Ball, location: 2F 2-2: Ground out U3 (Groundball, 34)
|
Top of the 2nd over - 0 run(s), 1 hit(s), 0 error(s), 2 left on base; Waba 0 - Wisconsin 0 |
BOTTOM OF THE 2ND |
Wisconsin Timber Rattlers batting - Pitching for Waba Ducks : RHP Tyrone Williams
|
Batting: LHB Raúl Casillán
|
0-0: Called Strike 0-1: Ball 1-1: Ground out 1-3 (Groundball, 15S)
|
Batting: RHB Fraser Stanton
|
0-0: SINGLE (Groundball, 34D)
|
Batting: LHB Marv Walker
|
0-0: Ball 1-0: Called Strike 1-1: Ball 2-1: Fly out, F7 (Line Drive, 7)
|
Batting: RHB William Farmer
|
0-0: Foul Ball, location: 2F 0-1: Ball 1-1: Swinging Strike 1-2: Ball 2-2: Ball 3-2: Foul Ball, location: 2F 3-2: Strikes out swinging
|
Bottom of the 2nd over - 0 run(s), 1 hit(s), 0 error(s), 1 left on base; Waba 0 - Wisconsin 0 |
TOP OF THE 3RD |
Waba Ducks batting - Pitching for Wisconsin Timber Rattlers : RHP António Benítez
|
Batting: RHB Jeremy Flemming
|
0-0: Ball 1-0: Called Strike 1-1: Foul Ball, location: 2F 1-2: Strikes out looking
|
Batting: RHB Pedro Molina
|
0-0: Ball 1-0: Fly out, F3 (Popup, 3S)
|
Batting: LHB José Román
|
0-0: Called Strike 0-1: Ball 1-1: Swinging Strike 1-2: Strikes out swinging
|
Top of the 3rd over - 0 run(s), 0 hit(s), 0 error(s), 0 left on base; Waba 0 - Wisconsin 0 |
BOTTOM OF THE 3RD |
Wisconsin Timber Rattlers batting - Pitching for Waba Ducks : RHP Tyrone Williams
|
Batting: RHB Danny Campbell
|
0-0: Ball 1-0: Foul Ball, location: 2F 1-1: Ball 2-1: Swinging Strike 2-2: Strikes out swinging
|
Batting: RHB Greg King
|
0-0: Called Strike 0-1: Called Strike 0-2: Ball 1-2: Fly out, F9 (Flyball, 9S)
|
Batting: SHB Ricardo Arévalo
|
0-0: Called Strike 0-1: Foul Ball, location: 2F 0-2: Ball 1-2: Ball 2-2: Ball 3-2: Foul Ball, location: 2F 3-2: SOLO HOME RUN (Flyball, 7LD), Distance : 352 ft
|
Batting: RHB Dick Slagboom
|
0-0: Called Strike 0-1: Swinging Strike 0-2: Strikes out looking
|
Bottom of the 3rd over - 1 run(s), 1 hit(s), 0 error(s), 0 left on base; Waba 0 - Wisconsin 1 |
TOP OF THE 4TH |
Waba Ducks batting - Pitching for Wisconsin Timber Rattlers : RHP António Benítez
|
Batting: RHB Chris Osborn
|
0-0: Ball 1-0: Ball 2-0: Called Strike 2-1: Ball 3-1: Base on Balls
|
Batting: LHB Howard Evans
|
0-0: SINGLE (Line Drive, 7LS) Chris Osborn to second
|
Batting: RHB Paul Spencer
|
0-0: Fly out, F8 (Flyball, 8LS)
|
Batting: RHB Tokuhei Kobayashi
|
0-0: SINGLE (Flyball, 78S) Chris Osborn to third Howard Evans to second Runner from 3rd tries for Home, SAFE, no throw
|
Batting: RHB Shaun Puckett
|
0-0: Called Strike 0-1: SINGLE (Line Drive, 7LM) Howard Evans to third Tokuhei Kobayashi to second
|
Batting: RHB Ángelo García
|
0-0: Called Strike 0-1: DOUBLE (Groundball, 5L) Howard Evans scores Tokuhei Kobayashi scores Shaun Puckett to third
|
Batting: RHB Jeremy Flemming
|
0-0: Ball 1-0: Swinging Strike 1-1: Foul Ball, location: 2F 1-2: Fly out, F8 (Flyball, 8RM) Runner from 3rd tags up, SCORES, throw made
|
Batting: RHB Pedro Molina
|
0-0: Fly out, F7 (Flyball, 7)
|
Top of the 4th over - 4 run(s), 4 hit(s), 0 error(s), 1 left on base; Waba 4 - Wisconsin 1 |
BOTTOM OF THE 4TH |
Wisconsin Timber Rattlers batting - Pitching for Waba Ducks : RHP Tyrone Williams
|
Batting: RHB Vicente Vélez
|
0-0: Called Strike 0-1: Foul Ball, location: 2F 0-2: Ball 1-2: Ball 2-2: Strikes out looking
|
Batting: LHB Raúl Casillán
|
0-0: Foul Ball, location: 2F 0-1: Ball 1-1: SINGLE (Groundball, 34) (infield hit)
|
Batting: RHB Fraser Stanton
|
0-0: Ball 1-0: Called Strike 1-1: Ball 2-1: Grounds into double play, 4-6-3 (Groundball, 4)
|
Bottom of the 4th over - 0 run(s), 1 hit(s), 0 error(s), 0 left on base; Waba 4 - Wisconsin 1 |
TOP OF THE 5TH |
Waba Ducks batting - Pitching for Wisconsin Timber Rattlers : RHP António Benítez
|
Batting: LHB José Román
|
0-0: Ground out U3 (Groundball, 3)
|
Batting: RHB Chris Osborn
|
0-0: Ball 1-0: Ball 2-0: Called Strike 2-1: Ball 3-1: Foul Ball, location: 2F 3-2: Foul Ball, location: 2F 3-2: Base on Balls
|
Batting: LHB Howard Evans
|
0-0: Ball 1-0: DOUBLE (Line Drive, 78M) Chris Osborn to third Runner from 3rd tries for Home, SAFE, throw made home
|
Pitching: LHP Nathan Ortíz
|
|
Batting: RHB Paul Spencer
|
0-0: Ball 1-0: Ball 2-0: Ball 3-0: Called Strike 3-1: Base on Balls
|
Batting: RHB Tokuhei Kobayashi
|
0-0: Foul Ball, location: 2F 0-1: Hit by Pitch Howard Evans to third Paul Spencer to second
|
Batting: RHB Shaun Puckett
|
0-0: Swinging Strike 0-1: Foul Ball, location: 2F 0-2: Ball 1-2: Ball 2-2: Strikes out swinging
|
Batting: RHB Ángelo García
|
0-0: SINGLE (Line Drive, 9LS) Howard Evans scores Paul Spencer to third Tokuhei Kobayashi to second
|
Batting: RHB Jeremy Flemming
|
0-0: Fly out, F4 (Popup, 34)
|
Top of the 5th over - 2 run(s), 2 hit(s), 0 error(s), 3 left on base; Waba 6 - Wisconsin 1 |
BOTTOM OF THE 5TH |
Wisconsin Timber Rattlers batting - Pitching for Waba Ducks : RHP Tyrone Williams
|
Batting: LHB Marv Walker
|
0-0: Ball 1-0: Ball 2-0: Foul Ball, location: 2F 2-1: Foul Ball, location: 2F 2-2: Ball 3-2: Foul Ball, location: 2F 3-2: Base on Balls
|
Batting: RHB William Farmer
|
0-0: Called Strike 0-1: Ball 1-1: Foul Ball, location: 2F 1-2: SINGLE (Groundball, 56D) Marv Walker to second
|
Batting: RHB Danny Campbell
|
0-0: Ball 1-0: Ball 2-0: Called Strike 2-1: Ball 3-1: Foul Ball, location: 2F 3-2: Base on Balls Marv Walker to third William Farmer to second
|
Batting: RHB Greg King
|
0-0: Ball 1-0: Ball 2-0: Called Strike 2-1: Ball 3-1: Ground out 3-1 (Groundball, 34S) Marv Walker scores William Farmer to third Danny Campbell to second
|
Batting: SHB Ricardo Arévalo
|
0-0: Foul Ball, location: 2F 0-1: Ball 1-1: Ground out 4-3 (Groundball, 34) William Farmer scores Danny Campbell to third
|
Batting: RHB Dick Slagboom
|
0-0: Called Strike 0-1: Called Strike 0-2: Foul Ball, location: 2F 0-2: Ball 1-2: Strikes out swinging
|
Bottom of the 5th over - 2 run(s), 1 hit(s), 0 error(s), 1 left on base; Waba 6 - Wisconsin 3 |
TOP OF THE 6TH |
Waba Ducks batting - Pitching for Wisconsin Timber Rattlers : LHP Nathan Ortíz
|
Batting: RHB Pedro Molina
|
0-0: Ball 1-0: Called Strike 1-1: Swinging Strike 1-2: Foul Ball, location: 2F 1-2: Strikes out swinging
|
Batting: LHB José Román
|
0-0: Called Strike 0-1: Called Strike 0-2: Fly out, F9 (Flyball, 89D)
|
Batting: RHB Chris Osborn
|
0-0: DOUBLE (Flyball, 9LD)
|
Batting: LHB Howard Evans
|
0-0: Swinging Strike 0-1: DOUBLE (Flyball, 7) Chris Osborn scores
|
Batting: RHB Paul Spencer
|
0-0: Called Strike 0-1: Ball 1-1: Ball 2-1: Ball 3-1: Base on Balls
|
Batting: RHB Tokuhei Kobayashi
|
0-0: Ball 1-0: Foul Ball, location: 2F 1-1: Fly out, F9 (Line Drive, 9)
|
Top of the 6th over - 1 run(s), 2 hit(s), 0 error(s), 2 left on base; Waba 7 - Wisconsin 3 |
BOTTOM OF THE 6TH |
Wisconsin Timber Rattlers batting - Pitching for Waba Ducks : RHP Tyrone Williams
|
Pitching: RHP José Rivera
|
|
Batting: RHB Vicente Vélez
|
0-0: Foul Ball, location: 2F 0-1: Fly out, F4 (Line Drive, 4M)
|
Batting: LHB Raúl Casillán
|
0-0: Called Strike 0-1: Called Strike 0-2: Foul Ball, location: 2F 0-2: Ball 1-2: Strikes out swinging
|
Batting: RHB Fraser Stanton
|
0-0: SINGLE (Groundball, 4D)
|
Batting: LHB Marv Walker
|
0-0: Fly out, F2 (Popup, 2R)
|
Bottom of the 6th over - 0 run(s), 1 hit(s), 0 error(s), 1 left on base; Waba 7 - Wisconsin 3 |
TOP OF THE 7TH |
Waba Ducks batting - Pitching for Wisconsin Timber Rattlers : LHP Nathan Ortíz
|
Batting: RHB Shaun Puckett
|
0-0: Ball 1-0: SINGLE (Groundball, 6MD)
|
Batting: RHB Ángelo García
|
0-0: Sac Bunt - play at first, batter OUT! 1-3 Shaun Puckett to second
|
Batting: RHB Jeremy Flemming
|
0-0: Foul Ball, location: 2F 0-1: Called Strike 0-2: Ball 1-2: SINGLE (Groundball, 34D) Shaun Puckett to third Runner from 3rd tries for Home, SAFE, throw made home Jeremy Flemming to second
|
Pitching: RHP Jerry Terry
|
|
Batting: RHB Pedro Molina
|
0-0: Called Strike 0-1: Ball 1-1: Fly out, F8 (Line Drive, 8LM)
|
Batting: LHB José Román
|
0-0: Ball 1-0: Ball 2-0: Ball 3-0: Called Strike 3-1: Base on Balls
|
Batting: RHB Chris Osborn
|
0-0: Foul Ball, location: 2F 0-1: Ball 1-1: Foul Ball, location: 2F 1-2: Foul Ball, location: 2F 1-2: Ball 2-2: Ball 3-2: Fly out, F8 (Flyball, 8LXD)
|
Top of the 7th over - 1 run(s), 2 hit(s), 0 error(s), 2 left on base; Waba 8 - Wisconsin 3 |
BOTTOM OF THE 7TH |
Wisconsin Timber Rattlers batting - Pitching for Waba Ducks : RHP José Rivera
|
Batting: RHB William Farmer
|
0-0: Called Strike 0-1: Fly out, F8 (Flyball, 8RS)
|
Batting: RHB Danny Campbell
|
0-0: Fly out, F7 (Line Drive, 78XD)
|
Batting: RHB Greg King
|
0-0: Ball 1-0: Ground out 6-3 (Groundball, 6)
|
Bottom of the 7th over - 0 run(s), 0 hit(s), 0 error(s), 0 left on base; Waba 8 - Wisconsin 3 |
TOP OF THE 8TH |
Waba Ducks batting - Pitching for Wisconsin Timber Rattlers : RHP Jerry Terry
|
Batting: LHB Howard Evans
|
0-0: Foul Ball, location: 2F 0-1: Ball 1-1: Ball 2-1: Foul Ball, location: 2F 2-2: Foul Ball, location: 2F 2-2: Ground out 4-3 (Groundball, 34)
|
Batting: RHB Paul Spencer
|
0-0: Called Strike 0-1: Ball 1-1: TRIPLE (Line Drive, 8LXD)
|
Batting: RHB Tokuhei Kobayashi
|
0-0: Called Strike 0-1: Ball 1-1: Ball 2-1: Foul Ball, location: 2F 2-2: Foul Ball, location: 2F 2-2: Foul Ball, location: 2F 2-2: SINGLE (Line Drive, 6MD) Paul Spencer scores
|
Batting: RHB Shaun Puckett
|
0-0: Ball 1-0: Ball 2-0: Ball 3-0: Called Strike 3-1: Base on Balls Tokuhei Kobayashi to second
|
Batting: RHB Ángelo García
|
0-0: Foul Ball, location: 2F 0-1: Ball 1-1: Swinging Strike 1-2: Foul Ball, location: 2F 1-2: Foul Ball, location: 2F 1-2: Strikes out looking
|
Batting: RHB Jeremy Flemming
|
0-0: Foul Ball, location: 2F 0-1: Ball 1-1: Ball 2-1: Fielders Choice at 2nd, 5-4 (Groundball, 56)
|
Top of the 8th over - 1 run(s), 2 hit(s), 0 error(s), 1 left on base; Waba 9 - Wisconsin 3 |
BOTTOM OF THE 8TH |
Wisconsin Timber Rattlers batting - Pitching for Waba Ducks : RHP José Rivera
|
Batting: SHB Ricardo Arévalo
|
0-0: Ball 1-0: Called Strike 1-1: Called Strike 1-2: Ground out 4-3 (Groundball, 4MD)
|
Pitching: RHP Stan Stewart
|
|
Batting: RHB Dick Slagboom
|
0-0: Ball 1-0: Foul Ball, location: 2F 1-1: Ball 2-1: Ground out 1-3 (Groundball, 13)
|
Batting: RHB Vicente Vélez
|
0-0: SINGLE (Flyball, 9LS)
|
Batting: LHB Raúl Casillán
|
0-0: Ball 1-0: Ball 2-0: Fly out, F8 (Flyball, 8RD)
|
Bottom of the 8th over - 0 run(s), 1 hit(s), 0 error(s), 1 left on base; Waba 9 - Wisconsin 3 |
TOP OF THE 9TH |
Waba Ducks batting - Pitching for Wisconsin Timber Rattlers : RHP Jerry Terry
|
Batting: RHB Pedro Molina
|
0-0: Ball 1-0: Foul Ball, location: 2F 1-1: Ball 2-1: Ball 3-1: Foul Ball, location: 2F 3-2: Base on Balls
|
Pitching: RHP Andy Parker
|
|
Batting: LHB José Román
|
0-0: Ball 1-0: Ball 2-0: Called Strike 2-1: Ball 3-1: Foul Ball, location: 2F 3-2: Base on Balls Pedro Molina to second
|
Batting: RHB Chris Osborn
|
0-0: Called Strike 0-1: Ball 1-1: Swinging Strike 1-2: Ball 2-2: SINGLE (Line Drive, 8RS) Pedro Molina to third José Román to second
|
Batting: LHB Howard Evans
|
0-0: Reached on error, E4 (Groundball, 4) Pedro Molina scores José Román to third Chris Osborn to second
|
Batting: RHB Paul Spencer
|
0-0: Ball 1-0: Called Strike 1-1: SINGLE (Line Drive, 78S) José Román scores Chris Osborn to third Howard Evans to second Runner from 3rd tries for Home, SAFE, no throw
|
Batting: RHB Tokuhei Kobayashi
|
0-0: SINGLE (Groundball, 56D) Howard Evans to third Paul Spencer to second
|
Batting: RHB Shaun Puckett
|
0-0: Ball 1-0: Ball 2-0: Fly out, F8 (Flyball, 8LS)
|
Batting: RHB Ángelo García
|
0-0: Ball 1-0: Swinging Strike 1-1: Called Strike 1-2: Ball 2-2: Strikes out swinging
|
Batting: RHB Jeremy Flemming
|
0-0: Ball 1-0: Ball 2-0: Fly out, F8 (Line Drive, 8RD)
|
Top of the 9th over - 3 run(s), 3 hit(s), 1 error(s), 3 left on base; Waba 12 - Wisconsin 3 |
BOTTOM OF THE 9TH |
Wisconsin Timber Rattlers batting - Pitching for Waba Ducks : RHP Stan Stewart
|
Batting: RHB Fraser Stanton
|
0-0: Called Strike 0-1: Foul Ball, location: 2F 0-2: DOUBLE (Flyball, 8RXD)
|
Batting: LHB Marv Walker
|
0-0: Ground out 3-1 (Groundball, 34S) Fraser Stanton to third
|
Batting: RHB William Farmer
|
0-0: Foul Ball, location: 2F 0-1: Swinging Strike 0-2: Ball 1-2: Ground out 6-3 (Groundball, 6) Fraser Stanton scores
|
Batting: RHB Danny Campbell
|
0-0: Ball 1-0: Called Strike 1-1: Foul Ball, location: 2F 1-2: Ball 2-2: Foul Ball, location: 2F 2-2: Ball 3-2: SINGLE (Line Drive, 7S)
|
Batting: RHB Greg King
|
0-0: Called Strike 0-1: Ball 1-1: Ball 2-1: SINGLE (Line Drive, 6D) Danny Campbell to second
|
Batting: SHB Ricardo Arévalo
|
0-0: Ball 1-0: Ball 2-0: Called Strike 2-1: Ball 3-1: Base on Balls Danny Campbell to third Greg King to second
|
Batting: RHB Dick Slagboom
|
0-0: Ball 1-0: Foul Ball, location: 2F 1-1: Foul Ball, location: 2F 1-2: Foul Ball, location: 2F 1-2: SINGLE (Groundball, 6MD) Danny Campbell scores Greg King to third Ricardo Arévalo to second Runner from 3rd tries for Home, SAFE, no throw
|
Pitching: RHP Esteban Gonzáles
|
|
Batting: RHB Vicente Vélez
|
0-0: Called Strike 0-1: Fielders Choice at 2nd, 6-4 (Groundball, 6)
|
Bottom of the 9th over - 3 run(s), 4 hit(s), 0 error(s), 1 left on base; Waba 12 - Wisconsin 6 |
|